 Dungeon Crawl Stone Soup version 0.22.0-32-gbc6daba (webtiles) character file.

261 poirepourri the Magician (level 5, -2/35 HPs)
             Began as a Mummy Ice Elementalist on Aug 23, 2018.
             Killed from afar by an orc wizard (5 damage)
             ... with a puff of frost
             ... on level 3 of the Dungeon.
             The game lasted 00:04:44 (4313 turns).

poirepourri the Magician (Mummy Ice Elementalist)   Turns: 4313, Time: 00:04:45

Health: -2/35      AC:  4    Str: 11    XL:     5   Next: 96%
Magic:  6/15       EV: 12    Int: 16    God:
Gold:   95         SH:  0    Dex: 12    Spells: 13/19 levels left

rFire    x . .     SeeInvis .   c - +0 short sword
rCold    + . .     Gourm    .   (no shield)
rNeg     + + +     Faith    .   a - +0 robe
rPois    ∞         Spirit   .   (no helmet)
rElec    .         Reflect  .   j - +0 cloak
rCorr    .         Harm     .   i - +0 pair of gloves
MR       .....                  (no boots)
Stlth    ++........             (no amulet)
HPRegen  0.11/turn              (no ring)
MPRegen  0.14/turn              (no ring)

@: very slightly contaminated
A: no food or potions, fire vulnerability, cold resistance 1, negative energy
resistance 3, torment resistance, unbreathing
a: no special abilities


You were on level 3 of the Dungeon.
You were not hungry.

You visited 1 branch of the dungeon, and saw 3 of its levels.

You collected 95 gold pieces.

Inventory:

Hand Weapons
 c - a +0 short sword (weapon)
 g - a +3 short sword
Armour
 a - a +0 robe (worn)
 i - a +0 pair of gloves (worn)
 j - a +0 cloak (worn)
Wands
 f - a wand of flame (15)
Scrolls
 b - a scroll of blinking
 d - a scroll of teleportation
 e - a scroll of remove curse
 h - 2 scrolls of identify


   Skills:
 - Level 1.5 Dodging
 - Level 1.5 Stealth
 + Level 7.7 Spellcasting
 - Level 0.7 Conjurations
 - Level 2.4 Ice Magic


You had 13 spell levels left.
You knew the following spells:

 Your Spells              Type           Power        Failure   Level  Hunger
a - Freeze                Ice            ##..         4%          1    N/A
b - Throw Frost           Conj/Ice       ##....       9%          2    N/A
c - Ozocubu's Armour      Chrm/Ice       ##......     22%         3    N/A

Your spell library contained the following spells:

 Spells                   Type           Power        Failure   Level  Hunger
 Throw Icicle             Conj/Ice       ##......     52%         4    N/A
 Summon Ice Beast         Ice/Summ       ##......     56%         4    N/A

Dungeon Overview and Level Annotations

Branches:
Dungeon (3/15)

Altars:
Fedhas
Nemelex Xobeh


Innate Abilities, Weirdness & Mutations

You do not eat or drink.
Your flesh is vulnerable to fire.
You are immune to poison.
Your flesh is cold resistant. (rC+)
You are immune to negative energy. (rN+++)
You are immune to unholy pain and torment.
You can survive without breathing.


Message History

Unknown command.
Casting: Freeze (safe; 4% risk of failure)
Confirm with . or Enter, or press ? or * to list all spells.
You can't see any susceptible monsters within range! (Use Z to cast anyway.) Unknown command.
You closely miss something. Something hits you. x2
You hit something but do no damage. Something hits you. x2
You barely miss something. Something hits you but does no damage.
You hit something but do no damage. Something hits you but does no damage.
Something hits you.
* * * LOW HITPOINT WARNING * * *
You hit something.
You hear some strange, mumbled words.
A magic dart appears from out of thin air!
The magic dart hits you!
* * * LOW HITPOINT WARNING * * *
You hear some strange, mumbled words.
A puff of frost appears from out of thin air!
The puff of frost hits you! You resist.
You die...

#.#
#......###############...
#####.# #......# #....
.....<# #.....## #####
#.... .######
##...######..... #.#..
.### #.†........# #.##.
...# ##.######...## .#..#
#...####.#...#
......##........###..#
...##.###...####@#{..#
..## # ##. ##{o### .## #.
#..# ## #..# #.....#
........... ###.....####
.......# .........#


You could see an orc.

Vanquished Creatures
  A bullfrog (D:3)
  An orc priest (D:3)
  Ijyb (D:3)
  Terence (D:2)
  2 adders (D:3)
  2 oozes (D:2)
  A worm (D:2)
  2 dart slugs (D:1)
  3 leopard geckos
  5 orcs (D:3)
  6 bats
  4 giant cockroaches
  9 hobgoblins
  2 jackals (D:1)
  11 kobolds
  2 quokkas
  6 frilled lizards
  4 goblins
  11 rats
74 creatures vanquished.

Vanquished Creatures (others)
  8 toadstools (D:3)
8 creatures vanquished.

Grand Total: 82 creatures vanquished

Notes
Turn   | Place    | Note
-------+----------+-------------------------------------------
     0 | D:1      | poirepourri the Mummy Ice Elementalist began the quest for the Orb.
     0 | D:1      | Reached XP level 1. HP: 13/13 MP: 4/4
     7 | D:1      | Reached skill level 3 in Spellcasting
   767 | D:1      | Reached XP level 2. HP: 17/19 MP: 0/6
   938 | D:1      | Reached skill level 4 in Spellcasting
  1349 | D:1      | Reached XP level 3. HP: 17/24 MP: 2/8
  1612 | D:1      | Found a sparkling altar of Nemelex Xobeh.
  1740 | D:2      | Learned a level 3 spell: Ozocubu's Armour
  1743 | D:2      | Learned a level 2 spell: Throw Frost
  2126 | D:2      | Reached skill level 5 in Spellcasting
  2192 | D:2      | Found a blossoming altar of Fedhas.
  2704 | D:3      | Noticed Terence
  2737 | D:2      | Killed Terence
  2737 | D:2      | Reached XP level 4. HP: 12/30 MP: 0/11
  3081 | D:3      | Reached skill level 6 in Spellcasting
  3525 | D:3      | Noticed Ijyb
  3537 | D:3      | Killed Ijyb
  3537 | D:3      | Reached XP level 5. HP: 14/35 MP: 0/14
  3899 | D:3      | Reached skill level 7 in Spellcasting
  4313 | D:3      | Killed from afar by an orc wizard

Skill      XL: |  1  2  3  4  5 |
---------------+----------------+-----
Spellcasting   | 3 4 5 6 7 |  7.7
Dodging        | |  1.5
Stealth        | |  1.5
Conjurations   | |  0.7
Ice Magic      | |  2.4

Action                   |  1- 3 |  4- 6 || total
-------------------------+-------+-------++-------
Melee: Unarmed           |     9 |       ||     9
       Short sword       |       |    12 ||    12
 Cast: Freeze            |    92 |    67 ||   159
       Throw Frost       |     5 |     5 ||    10
Evoke: Wand              |       |     1 ||     1
  Use: Scroll            |     6 |     2 ||     8
Armor: Robe              |    10 |    15 ||    25
Dodge: Dodged            |    60 |    48 ||   108
